 Dungeon Crawl Stone Soup version 0.22.0 (console) character file.

18 removed the Conjurer (level 2, 0/22 HPs)
             Began as a Deep Dwarf Conjurer on Aug 11, 2018.
             Succumbed to a worker ant's poison
             ... on level 2 of the Dungeon.
             The game lasted 00:02:14 (1388 turns).

removed the Conjurer (Deep Dwarf Conjurer)          Turns: 1388, Time: 00:02:14

Health: 0/22       AC:  2    Str: 11    XL:     2   Next: 48%
Magic:  1/4        EV: 12    Int: 15    God:
Gold:   84         SH:  0    Dex: 13    Spells: 1/4 levels left

rFire    + . .     SeeInvis .   a - +0 short sword
rCold    . . .     Gourm    .   (no shield)
rNeg     . . .     Faith    .   h - +0 robe
rPois    .         Spirit   .   (no helmet)
rElec    .         Reflect  .   (no cloak)
rCorr    .         Harm     .   (no gloves)
MR       .....                  (no boots)
Stlth    ++........             (no amulet)
HPRegen  0.00/turn              j - ring of protection from fire
MPRegen  0.09/turn              (no ring)

@: lethally poisoned (0 -> -17), non-regenerating
A: damage resistance, heal wounds, sense surroundings 1, no regeneration
a: Heal Wounds


You were on level 2 of the Dungeon.
You were not hungry.

You visited 1 branch of the dungeon, and saw 2 of its levels.

You collected 84 gold pieces.

Inventory:

Hand Weapons
 a - a +0 short sword (weapon)
Missiles
 g - 2 throwing nets (quivered)
Armour
 h - a +0 robe (worn)
Jewellery
 j - a ring of protection from fire (left hand)
Scrolls
 e - a scroll of remove curse {unknown}
 i - a scroll of teleportation {unknown}
 m - a scroll of noise {unknown}
 n - a scroll of enchant armour {unknown}
Potions
 d - a potion of brilliance {unknown}
 f - a potion of resistance {unknown}
 l - a potion of might {unknown}
Comestibles
 c - 5 rations
 k - 2 chunks of flesh


   Skills:
 - Level 2.1 Dodging
 - Level 2.4 Stealth
 - Level 1.7 Spellcasting
 + Level 4.3 Conjurations


You had one spell level left.
You knew the following spells:

 Your Spells              Type           Power        Failure   Level  Hunger
a - Magic Dart            Conj           ##..         3%          1    ##.....
b - Searing Ray           Conj           ##....       6%          2    ###....

Your spell library contained the following spells:

 Spells                   Type           Power        Failure   Level  Hunger
 Iskenderun's Mystic Bla  Conj           ##......     36%         4    #####..
 Fulminant Prism          Conj/Hex       #.........   67%         4    #####..
 Dazzling Spray           Conj/Hex       #.....       28%         3    ####...
 Force Lance              Conj/Tloc      #.......     67%         4    #####..


Dungeon Overview and Level Annotations

Branches:
Dungeon (2/15)

Altars:


Innate Abilities, Weirdness & Mutations

You are resistant to damage.
You can heal yourself by infusing magical energy.
You passively map a small area around you.
You do not regenerate.


Message History

The worker ant bites you.
You are more poisoned.
The worker ant poisons you! The worker ant bites you.
You are lethally poisoned!
The worker ant poisons you!
You closely miss the worker ant.
The worker ant is heavily wounded.
You feel sick. The worker ant barely misses you.
Unknown command.
You completely miss the worker ant.
The worker ant is heavily wounded.
* * * LOW HITPOINT WARNING * * *
You feel very sick. The worker ant bites you.
* * * LOW HITPOINT WARNING * * *
You are more poisoned.
The worker ant poisons you!
You hit the worker ant but do no damage.
The worker ant is heavily wounded.
You die...

,, #..###.# .# * ..
#......# >#..,..#
#...#### .#.# #.# ,
#...######.#.# #.# * **
,,
#..........#.###.######,
, ,
#.#.########.#>........
, ,, #.#.# #.#.....###..
,
#.#.########.#..........
* *
*#.#.......@a...#.#####.
, ..##########.....# * ,
## #####.# * , * #.# *,
* #.# * #.# * ,* #.# , *
#.# #.#


You could see a worker ant.

Vanquished Creatures
  4 bats (D:1)
  2 goblins (D:1)
  2 hobgoblins
  5 kobolds (D:1)
  3 frilled lizards
  2 rats (D:1)
18 creatures vanquished.

Notes
Turn   | Place    | Note
-------+----------+-------------------------------------------
     0 | D:1      | removed the Deep Dwarf Conjurer began the quest for the Orb.
     0 | D:1      | Reached XP level 1. HP: 15/15 MP: 3/3
   509 | D:1      | Reached skill level 4 in Conjurations
   544 | D:1      | Reached XP level 2. HP: 20/22 MP: 2/4
   605 | D:1      | Learned a level 2 spell: Searing Ray
  1388 | D:2      | Succumbed to a worker ant's poison

Skill      XL: |  1 |
---------------+----+-----
Conjurations   | 4 |  4.3
Dodging        | |  2.1
Stealth        | |  2.4
Spellcasting   | |  1.7

Action                   || total
-------------------------++-------
Melee: Unarmed           ||     9
       Short sword       ||     7
 Cast: Magic Dart        ||    39
       Searing Ray       ||     1
  Eat: Chunk             ||     2
Armor: Robe              ||     6
Dodge: Dodged            ||    23
